 Dungeon Crawl Stone Soup version 0.30-a0-42-g806c11bf1d (webtiles) character file.

Game seed: 9865479098884118250

231 drugrobin the Cutter (level 5, -4/44 HPs)
             Began as a Demigod Delver on Aug 31, 2022.
             Killed from afar by Natasha (15 damage)
             ... with a puff of flame
             ... on level 3 of the Dungeon.
             The game lasted 00:11:13 (3364 turns).

drugrobin the Cutter (Demigod Delver)               Turns: 3364, Time: 00:11:13

Health: -4/44      AC:  3    Str: 13    XL:     5   Next: 44%
Magic:  7/7        EV: 12    Int: 16    God:
Gold:   178        SH:  0    Dex: 21    Spells: 4/4 levels left

rFire   . . .      SeeInvis .    a - +3 dagger
rCold   . . .      Faith    .    (no shield)
rNeg    . . .      Spirit   .    v - +0 leather armour
rPois   .          Reflect  .    (no helmet)
rElec   .          Harm     .    (no cloak)
rCorr   .          Rampage  .    (no gloves)
Will    .....                    (no boots)
Stlth   +++.......               (no amulet)
HPRegen 0.14/turn                m - +6 ring of dexterity
MPRegen 0.10/turn                (no ring)

@: no status effects
A: high MP 1, forlorn, divine attributes
a: no special abilities


You were on level 3 of the Dungeon.
You visited 1 branch of the dungeon, and saw 6 of its levels.

You collected 178 gold pieces.

Inventory:

Hand Weapons
 a - a +3 dagger (weapon)
 b - a +0 long sword
 c - a +0 sling
 B - a +0 short sword
Missiles
 i - 32 stones (quivered)
Armour
 v - a +0 leather armour (worn)
Jewellery
 m - a +6 ring of dexterity (left hand)
 A - a +6 ring of strength
Wands
 g - a wand of digging (3)
 l - a wand of charming (8)
 q - a wand of mindburst (2)
Scrolls
 e - a scroll of fear
 j - 2 scrolls of teleportation {unknown}
 n - 2 scrolls of identify {unknown}
 o - a scroll of magic mapping
 p - 4 scrolls of enchant weapon {unknown}
 s - a scroll of poison {unknown}
 u - a scroll of immolation {unknown}
 y - a scroll of fog
 z - a scroll of blinking {unknown}
 C - a scroll of vulnerability {unknown}
Potions
 d - a potion of ambrosia {unknown}
 f - a potion of haste
 h - a potion of resistance {unknown}
 k - a potion of brilliance {unknown}
 r - a potion of lignification {unknown}
 t - a potion of curing {unknown}
 w - a potion of mutation {unknown}
 x - 2 potions of heal wounds


   Skills:
 + Level 2.8 Fighting
 * Level 5.5 Short Blades
 - Level 1.7 Dodging
 - Level 4.5 Stealth


You had 4 spell levels left.
You didn't know any spells.
Your spell library was empty.

Dungeon Overview and Level Annotations

Branches:
Dungeon (8/15)               Lair (0/5) D:8
 Temple: D:4-7

Annotations:
D:3 Natasha
D:7 exclusion: centaur


Innate Abilities, Weirdness & Mutations

You have an increased reservoir of magic. (+10% MP)
You shall have no god before yourself.
Your divine heritage dramatically boosts your attributes as you level up.


Message History

Unknown command.
You closely miss Natasha.
Natasha is moderately wounded.
Natasha zaps a wand.
The puff of flame hits you!
Unknown command.
Unknown command.
Unknown command.
You hit Natasha.
Natasha is heavily wounded.
Natasha casts a spell at you. You resist with some effort.
Natasha zaps a wand.
The puff of flame hits you!
* * * LOW HITPOINT WARNING * * *
Unknown command.
Unknown command.
Unknown command.
It was a potion of heal wounds.
You feel much better.
Natasha mumbles some strange words.
You feel troubled.
Natasha zaps a wand.
The puff of flame hits you!
Unknown command.
Unknown command.
You hit Natasha.
Natasha is severely wounded.
The white imp shouts, "Scamper hence, thou wayward boil-brained wormtrail!"
Natasha casts a spell at you. The magic dart hits you.
* * * LOW HITPOINT WARNING * * *
Unknown command.
Unknown command.
a - a +3 dagger (weapon)
Natasha claws you but does no damage.
You hit Natasha.
Natasha is almost dead.
You barely miss Natasha.
Natasha is almost dead.
Natasha closely misses you.
You closely miss Natasha.
Natasha is almost dead.
Natasha zaps a wand.
The puff of flame hits you!
You die...

#.#.# #†#.# ####'#.#
.......# .......#
.......# +#
.......###.#.#########.#
...........#..5h.......#
......##########@.....#
......+ .............+
.....)# ##...........#
##...######.......#####
.....))...#.......#
#########.#.......# # #
#.#.......# ## #
######.........# #. #
#....##........# #.


You could see Natasha and a white imp (summoned).

Vanquished Creatures
  A scorpion (D:5)
  2 hounds (D:5)
  A jelly (D:7)
  3 adders
  A shadow imp (D:6)
  A worm (D:5)
  3 dart slugs
  8 orcs
  3 ball pythons
  An endoplasm (D:3)
  5 goblins
  3 hobgoblins
  A quokka (D:3)
  2 frilled lizards (D:3)
  2 rats (D:3)
37 creatures vanquished.

Vanquished Creatures (others)
  A white imp (D:7)
1 creature vanquished.

Grand Total: 38 creatures vanquished

Notes
Turn   | Place    | Note
-------+----------+-------------------------------------------
     0 | D:5      | drugrobin the Demigod Delver began the quest for the Orb.
     0 | D:5      | Reached XP level 1. HP: 18/18 MP: 3/3
    24 | D:5      | Noticed a hound
    32 | D:5      | Noticed a killer bee
    54 | D:6      | You fall into a shaft and drop 2 floors!
   204 | D:8      | Noticed a howler monkey
   208 | D:8      | Noticed a necrophage
   215 | D:7      | Noticed a jelly
   218 | D:7      | Killed a jelly
   219 | D:7      | Reached skill level 3 in Short Blades
   219 | D:7      | Reached XP level 2. HP: 8/25 MP: 4/4
   472 | D:7      | Noticed a centaur
   713 | D:7      | Noticed a water moccasin
   727 | D:7      | Noticed a yak
   839 | D:7      | Noticed a centaur
   864 | D:7      | Noticed a scorpion
  1055 | D:6      | Reached XP level 3. HP: 24/30 MP: 5/5
  1327 | D:6      | Noticed a phantom
  1442 | D:5      | Noticed a scorpion
  1570 | D:5      | Killed a scorpion
  1571 | D:5      | Reached skill level 4 in Short Blades
  1571 | D:5      | Reached XP level 4. HP: 37/37 MP: 6/6
  2019 | D:5      | Reached skill level 5 in Short Blades
  2019 | D:5      | Reached XP level 5. HP: 11/42 MP: 7/7
  2281 | D:5      | Noticed an ice beast
  3347 | D:3      | Noticed Natasha
  3364 | D:3      | Killed from afar by Natasha

Illustrated notes

Levels and vault maps discovered:
D:3:      layout_basic, grunt_temple_overflow_gold_and_silver,
          minmay_misc_feat_rows, uniq_natasha
D:4:      layout_basic
D:5:      layout_loops_ring
D:6:      wander_river, layout_cave_pools, nicolae_ashenzari_skybound,
          minmay_temple_entry_drinking_statues
D:7:      layout_gridville, chei_slow_surprise, mainiacjoe_overflow_alcove_2
D:8:      layout_loops_corners, dpeg_oklobed_lair, serial_bayou_ford_a,
          serial_nicolae_subway, nicolae_sub_station_metal,
          nicolae_sub_station_stone, nicolae_sub_station_crystal,
          uniq_prince_ribbit1, uniq_erica

Skill      XL: |  1  2  3  4 |
---------------+-------------+-----
Short Blades   | 3 4 5 |  5.5
Fighting       | |  2.8
Dodging        | |  1.7
Stealth        | |  4.5

Action                   |  1- 3 |  4- 6 || total
-------------------------+-------+-------++-------
Melee: Short sword       |    27 |    95 ||   122
       Punch             |       |     1 ||     1
       Dagger            |       |    19 ||    19
       Long sword        |       |    15 ||    15
 Fire: Sling             |       |     9 ||     9
Throw: Stone             |     1 |     6 ||     7
Evoke: Wand              |    10 |       ||    10
  Use: Scroll            |     1 |       ||     1
       Potion            |       |     1 ||     1
 Stab: Sleeping          |     1 |    11 ||    12
Armor: Leather armour    |     2 |    14 ||    16
Dodge: Dodged            |    14 |    55 ||    69

Table legend: (Time is in decaauts)
 A = Elapsed time spent in this place.
 B = Non-inter-level travel time spent in this place.
 C = Inter-level travel time spent in this place.
 D = Time resting spent in this place.
 E = Time spent auto-exploring this place.
 F = Levels seen in this place.
 G = Mean time per level.
                   A        B        C        D        E       F      G
               +--------+--------+--------+--------+--------+-----+--------+
         Total |   3345 |   3345 |      0 |   1248 |    837 |   6 |  557.5 |
       Dungeon |   3345 |   3345 |      0 |   1248 |    837 |   6 |  557.5 |
               +--------+--------+--------+--------+--------+-----+--------+

Top non-repeatable levels by time:
     D:3: 860 daAuts
     D:5: 858 daAuts
     D:7: 831 daAuts
     D:6: 425 daAuts
     D:4: 207 daAuts
     D:8: 160 daAuts
